 Dungeon Crawl Stone Soup version 0.32-a0-481-g9ce6b883f8 (webtiles) character file.

Game seed: 13562268437420903464

3 GordonOverkill the Sneak (level 1, -1/18 HPs)
             Began as a Coglin Delver on Feb 26, 2024.
             Slain by a ribbon worm (5 damage)
             ... on level 2 of the Dungeon.
             The game lasted 00:00:50 (268 turns).

GordonOverkill the Sneak (Coglin Delver)             Turns: 268, Time: 00:00:51

Health: -1/18      AC:  3    Str: 12    XL:     1   Next: 50%
Magic:  1/1        EV: 11    Int:  9    God:
Gold:   45         SH:  0    Dex: 15    Spells: 0/0 levels left

rFire   . . .        a - +0 hand axe {Margit}
rCold   . . .        (no shield)
rNeg    . . .        b - +0 leather armour
rPois   .            (no helmet)
rElec   .            (no cloak)
rCorr   .            (no gloves)
SInv    .            (no boots)
Will    .....        (no amulet)
Stlth   ++           (ring unavailable)
HPRegen 0.23/turn    (ring unavailable)
MPRegen 0.07/turn

%: no passive effects
@: revved
A: off-hand wielding, slow wielding, warmup strikes, no rings
a: no special abilities


You were on level 2 of the Dungeon.
You visited 1 branch of the dungeon, and saw 5 of its levels.

You collected 45 gold pieces.

Inventory:

Hand Weapons
 a - a +0 hand axe (weapon) {Margit}
Missiles
 i - 5 poisoned darts (quivered)
Armour
 b - a +0 leather armour (worn)
Wands
 g - a wand of digging (3)
Scrolls
 c - a scroll of fog
 d - a scroll of revelation
Potions
 f - a potion of haste
 h - a potion of heal wounds {unknown}


   Skills:
 - Level 3.0 Fighting
 + Level 2.3 Axes
 - Level 1.7 Dodging
 - Level 4.1 Stealth


You couldn't memorise any spells.
You didn't know any spells.
Your spell library was empty.

Dungeon Overview and Level Annotations

Branches:
Dungeon (6/15)
 Temple: D:4-7

Altars:


Innate Abilities, Weirdness & Mutations

You can wield a second weapon in your off-hand.
It takes a long time for you to wield or remove held weapons.
Your first few attacks do less damage.
Your grasper-arms cannot wear rings.


Message History

There is an open door here.
The ribbon worm expels a string of sticky webbing.
The stream of webbing hits you but does no damage.
You are caught in a web!
There is a web here.
You can't close doors while caught in a web.
Unknown command.
You struggle to detach yourself from the web.
The ribbon worm expels a string of sticky webbing.
The stream of webbing hits you but does no damage.
You are even more entangled.
The web tears apart.
You close the door.
You start resting.
HP restored.
As you open the door, it creaks loudly!
The ribbon worm expels a string of sticky webbing.
The stream of webbing hits you but does no damage.
You are caught in a web!
The web tears apart.
The ribbon worm barely misses you.
There is an open door here.
You completely miss the ribbon worm. The ribbon worm closely misses you.
You slash the ribbon worm!
The ribbon worm is heavily wounded.
The ribbon worm bites you!
* * * LOW HITPOINT WARNING * * *
You hit the ribbon worm but do no damage.
The ribbon worm is heavily wounded.
The ribbon worm expels a string of sticky webbing.
The stream of webbing misses you.
You hit the ribbon worm but do no damage.
The ribbon worm is moderately wounded.
The ribbon worm bites you!
* * * LOW HITPOINT WARNING * * *
You are too injured to fight recklessly!
You hit the ribbon worm.
The ribbon worm is heavily wounded.
The ribbon worm bites you.
You die...

##.#.##
#####.###.######.#
########....## ##......#
#........#...###.######.#
#.......#######...#.##
#.###.#.# ##.#.## ##w#.#
#.### #....# #w# ##....#
##@## .....# ##...##
###.### ##.....## #..##
##.......#
#####...####.........#
...........'.........+
#####...####.........#
#..## ##.......## #.##
##....[##


You could see a ribbon worm.

Vanquished Creatures
  2 jackals (D:2)
  A ball python (D:2)
3 creatures vanquished.

Notes
Turn   | Place    | Note
-------+----------+-------------------------------------------
     0 | D:5      | GordonOverkill the Coglin Delver began the quest for the
                  | Orb.
     0 | D:5      | Reached XP level 1. HP: 18/18 MP: 1/1
     1 | D:6      | Noticed a phantom
     1 | D:6      | Noticed an ogre
     1 | D:6      | Noticed a black bear
    20 | D:5      | Noticed a scorpion
   268 | D:2      | Slain by a ribbon worm

Illustrated notes

Levels and vault maps discovered:
D:2:      layout_loops_corners
D:3:      layout_basic, grunt_temple_overflow_opulence, lemuel_crystal_altar,
          hellmonk_ecumenical_altar_arch_garden, minivault_5,
          serial_bayou_pond_a
D:4:      layout_rooms, temple_fountains, serial_rivers,
          chequers_serial_rivers_room_a, chequers_serial_rivers_micro_b,
          chequers_serial_rivers_small_a, chequers_serial_rivers_small_3,
          nicolae_shop_clearance
D:5:      layout_loops_corners, serial_bayou_pond_d,
          hangedman_abyss_or_decor_stabs, nicolae_shop_i_like_big_books
D:6:      layout_rooms, grunt_temple_overflow_open

Action                     || total
---------------------------++-------
  Melee: Hand axe          ||    32
    Use: Scroll            ||     1
 Armour: Leather armour    ||    21
  Dodge: Dodged            ||    27

Table legend: (Time is in decaauts)
 A = Elapsed time spent in this place.
 B = Non-inter-level travel time spent in this place.
 C = Inter-level travel time spent in this place.
 D = Time resting spent in this place.
 E = Time spent auto-exploring this place.
 F = Levels seen in this place.
 G = Mean time per level.
                   A        B        C        D        E       F      G
               +--------+--------+--------+--------+--------+-----+--------+
         Total |    273 |    273 |      0 |     54 |     80 |   5 |   54.6 |
       Dungeon |    273 |    273 |      0 |     54 |     80 |   5 |   54.6 |
               +--------+--------+--------+--------+--------+-----+--------+

Top non-repeatable levels by time:
     D:2: 200 daAuts
     D:5: 28 daAuts
     D:3: 26 daAuts
     D:4: 15 daAuts
     D:6: 1 daAuts
